Map: Scorie nucleari

Players

Baboulinet

  • Race: Terran Terran
  • League: Silver
  • Spawn Location: 9:00

Chmurtz

  • Race: Terran Terran
  • Spawn Location: 12:00

Doursin

  • Race: Protoss Protoss
  • League: Platinum
  • Spawn Location: 12:00

Doyko

  • Race: Zerg Zerg
  • Spawn Location: 11:00

LaWeedaLoca - Winner!

  • Race: Zerg Zerg
  • League: Master
  • Spawn Location: 6:00

illusio - Winner!

  • Race: Protoss Protoss
  • League: Platinum
  • Spawn Location: 5:00

IlBirraioOo - Winner!

  • Race: Zerg Zerg
  • League: Diamond
  • Spawn Location: 3:00

Jhyrachy - Winner!

  • Race: Zerg Zerg
  • Spawn Location: 6:00

VOD

Have the link to the VOD?

Description

Time

  • Played on: Feb. 6, 2016, 5:28 p.m.
  • Length: 14:57
Show
View Real Time Build Order
Export as new Build Order

Baboulinet Terran 

Build Orders:  

Get SALT Encoding   

  12  0:03  SCV  
  13  0:15  SCV  
  14  0:23  Supply Depot  
  14  0:27  SCV  
  15  0:45  SCV  
  16  0:57  Barracks  
  16  1:10  SCV  
  17  1:27  Supply Depot  
  17  1:30  SCV  
  18  1:36  Refinery  
  18  1:39  Refinery  
  18  1:42  SCV  
  19  1:47  Marine  
  20  1:54  SCV  
  21  2:05  Marine  
  21  2:06  SCV  
  21  2:07  Barracks  
  23  2:32  Supply Depot  
  23  2:46  Barracks Tech Lab  
  23  2:49  SCV  
  24  3:01  SCV  
  25  3:07  Marauder  
  25  3:08  Marine  
  28  3:24  Factory  
  28  3:26  Marine  
  29  3:29  Marauder  
  31  3:35  Orbital Command  
  31  3:44  Marine  
  32  3:49  Marine  
  33  3:56  Command Center  
  33  4:01  Marine  
  34  4:07  Marine  
  35  4:19  Marine  
  35  4:22  Factory Tech Lab  
  36  4:26  Starport  
  36  4:37  SCV  
  37  4:44  Marine  
  38  4:46  Marine  
  39  5:07  Marine x2, Armory, Liberator, SCV  
  39  5:08  SCV  
  43  5:19  SCV  
  43  5:20  Siege Tank, SCV  
  48  5:25  Marine x2  
  53  5:31  SCV  
  53  5:33  SCV  
  55  5:43  Marine  
  55  5:44  SCV  
  55  5:46  SCV  
  58  5:56  SCV  
  55  5:58  SCV  
  55  6:00  Marine  
  55  6:05  Liberator  
  55  6:08  SCV  
  55  6:10  SCV  
  57  6:14  Marine  
  58  6:20  SCV  
  62  7:27  Marine  
  60  7:31  Liberator  
  60  7:45  Marine  
  60  7:50  Supply Depot  
  64  7:57  Thor  
  70  8:02  Marine  
  70  8:05  Starport  
  71  8:12  Supply Depot  
  71  8:20  Marine  
  71  8:26  Liberator  
  72  8:35  Supply Depot  
  69  8:45  Thor  
  78  8:53  Orbital Command  
  78  8:56  Liberator  
  78  9:09  Liberator  
  81  9:20  Marine  
  81  9:23  Marauder  
  87  9:38  Marine  
  88  9:44  Marauder  
  90  9:52  Liberator  
  90  9:55  Marine  
  90  9:56  Viking  
  93  10:05  Marauder  
  95  10:13  Marine  
  99  10:26  Barracks  
  99  10:31  Marine  
  100  11:14  Barracks  
  100  11:24  Thor  
  48  11:59  Liberator  
  43  12:06  SCV  
  44  12:14  Thor  
  49  12:19  SCV  
  53  12:30  Marine  
  53  12:31  SCV  
  56  12:41  Liberator  
  46  12:57  Thor  
Show
View Real Time Build Order
Export as new Build Order

Chmurtz Terran 

Build Orders: Command Center First (CC), MMM Bio 

Get SALT Encoding   

  12  0:02  SCV  
  13  0:15  SCV  
  14  0:27  SCV  
  15  0:36  Supply Depot  
  15  1:00  SCV  
  16  1:12  Command Center, SCV  
  17  1:18  Barracks  
  17  1:24  SCV  
  18  1:38  SCV  
  19  1:45  Refinery  
  19  1:53  Barracks  
  19  1:56  SCV  
  20  2:08  Barracks  
  20  2:09  Orbital Command  
  20  2:21  Bunker  
  20  2:25  Marine  
  21  2:39  Marine  
  22  2:47  Bunker  
  22  2:49  SCV  
  22  2:51  Marine  
  24  3:01  Orbital Command  
  24  3:03  Barracks Tech Lab  
  24  3:06  Marine  
  25  3:13  Refinery  
  25  3:17  Factory  
  25  3:22  Marine  
  25  3:23  Marine  
  25  3:26  Supply Depot  
  27  3:28  SCV  
  28  3:35  Marine  
  28  3:40  Marine, SCV  
  31  3:52  Marine x2, SCV  
  34  3:56  Stimpack  
  34  4:02  Starport  
  34  4:04  SCV  
  34  4:06  Factory Reactor  
  35  4:13  Refinery  
  35  4:16  SCV  
  36  4:21  SCV  
  37  4:25  Engineering Bay  
  37  4:28  SCV  
  38  4:31  Supply Depot  
  38  4:38  Supply Depot  
  38  4:41  SCV  
  39  4:54  Barracks Reactor  
  39  4:55  Medivac x2  
  39  4:56  Barracks Tech Lab  
  43  5:02  Refinery, SCV  
  44  5:09  Command Center  
  44  5:17  Terran Infantry Weapons Level 1  
  44  5:31  Marauder x2  
  48  5:40  Marine x2  
  50  5:47  SCV  
  51  5:53  Marauder x2, Medivac  
  51  5:55  Medivac  
  59  5:57  Marine, Combat Shields  
  59  5:58  Marine  
  59  5:59  SCV  
  62  6:15  Supply Depot  
  62  6:17  Supply Depot  
  62  6:19  Supply Depot  
  62  6:20  SCV, Supply Depot  
  62  6:22  Barracks  
  62  6:23  Concussive Shells, Barracks  
  63  6:32  SCV  
  56  7:18  SCV  
  57  7:29  Barracks Reactor  
  57  7:30  Barracks Tech Lab, SCV  
  58  7:37  Barracks  
  58  7:38  Barracks  
  58  7:39  Supply Depot x2  
  58  7:41  Supply Depot, Barracks  
  58  7:42  SCV  
  59  7:45  Engineering Bay  
  59  7:50  Armory  
  59  7:51  Terran Infantry Armor Level 1  
  59  7:54  SCV  
  60  8:06  SCV  
  60  8:07  Marauder x3, Marine  
  60  8:08  Marine x3  
  71  8:13  Medivac  
  71  8:15  Medivac  
  75  8:25  Marine x2  
  75  8:26  Marine  
  78  8:28  Marauder  
  78  8:29  Marauder x2  
  84  8:35  Barracks Reactor x2  
  84  8:36  Barracks Tech Lab  
  84  8:44  Orbital Command  
  84  9:00  Refinery  
  84  9:02  Refinery  
  84  9:16  Marauder x4, Marine x2  
  84  9:17  Marine x4  
  94  9:19  Medivac x2  
  102  9:34  Marine x2  
  102  9:35  Marine x2  
  102  9:37  Marauder x3  
  102  9:38  Marauder  
  106  9:49  Medivac  
  90  9:58  Marauder  
  90  9:59  Marauder  
  81  10:05  Marauder  
  81  10:06  Marauder, Marine x4  
  86  10:20  Marauder x2  
  76  10:27  Marauder  
  37  11:52  Orbital Command  
  30  12:13  Orbital Command  
  19  12:24  Marine  
  19  12:25  Marauder x3, Marine x4  
  19  12:26  Marauder  
  22  12:44  Marine  
  22  12:46  Marauder x2  
  22  12:49  Marine x4  
  22  12:50  Marine  
  14  13:19  Marauder x3, Marine x3  
  18  13:20  Marine x3  
  18  13:21  Marine  
  22  13:37  Marine x2  
  22  13:38  Marine x2  
  22  13:39  Marauder  
  22  13:40  Marauder  
  22  13:41  Marauder x2  
  33  13:55  Marine x2  
  24  14:00  Marauder  
Show
View Real Time Build Order
Export as new Build Order

Doursin Protoss 

Build Orders: Oracle Opening 

Get SALT Encoding   

  12  0:01  Probe (Chrono Boost)  
  13  0:11  Probe (Chrono Boost)  
  14  0:19  Pylon  
  14  0:24  Probe (Chrono Boost)  
  15  0:37  Probe (Chrono Boost)  
  15  0:39  Gateway  
  16  0:47  Probe (Chrono Boost)  
  17  0:54  Assimilator  
  17  0:57  Assimilator  
  17  0:58  Probe (Chrono Boost)  
  18  1:21  Probe (Chrono Boost)  
  19  1:31  Probe (Chrono Boost)  
  19  1:32  Cybernetics Core  
  20  1:37  Forge  
  20  1:42  Pylon  
  20  1:58  Probe (Chrono Boost)  
  21  2:07  Pylon  
  22  2:08  Probe (Chrono Boost)  
  22  2:13  Stargate  
  22  2:19  Mothership Core (Chrono Boost)  
  24  2:33  Photon Cannon  
  24  2:37  Probe (Chrono Boost)  
  25  2:50  Protoss Air Weapons Level 1  
  24  3:01  Oracle (Chrono Boost)  
  27  3:11  Probe (Chrono Boost)  
  28  3:31  Nexus  
  28  3:44  Oracle (Chrono Boost)  
  31  3:53  Probe  
  32  4:05  Probe, Pylon  
  33  4:15  Oracle (Chrono Boost)  
  36  4:18  Pylon  
  36  4:20  Probe  
  37  4:24  Photon Cannon  
  37  4:32  Probe  
  38  4:39  Photon Cannon  
  38  4:42  Probe  
  38  4:44  Probe  
  40  4:52  Probe  
  41  5:00  Photon Cannon  
  41  5:01  Oracle (Chrono Boost)  
  44  5:14  Protoss Air Armor Level 1  
  41  6:12  Oracle (Chrono Boost)  
  41  7:05  Oracle (Chrono Boost)  
  44  7:14  Stargate  
  44  7:16  Pylon  
  44  7:25  Probe, Fleet Beacon  
  44  7:26  Probe  
  44  7:27  Pylon  
  44  7:28  Assimilator  
  46  7:32  Assimilator  
  46  7:33  Pylon  
  46  7:35  Probe  
  47  7:37  Stargate  
  47  7:38  Probe  
  48  7:46  Probe  
  48  7:47  Oracle (Chrono Boost)  
  52  8:02  Probe  
  52  8:04  Probe  
  57  8:13  Probe  
  57  8:14  Oracle (Chrono Boost)  
  57  8:16  Probe  
  59  8:21  Nexus  
  59  8:25  Assimilator  
  59  8:29  Assimilator  
  59  8:31  Pylon  
  59  8:35  Pylon  
  59  8:38  Pylon  
  59  9:30  Oracle (Chrono Boost)  
  68  9:35  Oracle x2 (Chrono Boost)  
  68  10:10  Oracle (Chrono Boost)  
  77  10:14  Oracle (Chrono Boost)  
  77  10:15  Oracle (Chrono Boost)  
  70  12:26  Void Ray (Chrono Boost)  
  82  12:31  Void Ray x2 (Chrono Boost)  
  69  13:12  Void Ray (Chrono Boost)  
  81  13:17  Void Ray x2 (Chrono Boost)  
  46  13:53  Void Ray (Chrono Boost)  
  58  14:00  Void Ray x2 (Chrono Boost)  
Show
View Real Time Build Order
Export as new Build Order

Doyko Zerg 

Build Orders: Hatch First 

Get SALT Encoding   

  12  0:01  Drone  
  13  0:12  Overlord  
  13  0:17  Drone  
  14  0:31  Drone x2  
  14  0:34  Drone  
  17  0:45  Drone  
  18  0:57  Hatchery  
  18  0:59  Drone  
  18  1:06  Extractor  
  18  1:10  Drone  
  18  1:18  Spawning Pool  
  17  1:21  Drone  
  18  1:29  Drone  
  19  1:41  Overlord  
  19  2:06  Roach Warren  
  19  2:07  Queen  
  20  2:09  Queen  
  20  2:11  Drone x2  
  24  2:23  Drone  
  24  2:26  Drone  
  26  2:47  Roach  
  26  2:48  Roach x4  
  36  2:53  Overlord  
  36  3:11  Lair  
  36  3:14  Extractor  
  36  3:19  Roach x2  
  39  3:24  Extractor  
  39  3:25  Drone  
  39  3:28  Drone  
  39  3:29  Drone x4  
  39  3:31  Overlord x2  
  44  3:53  Drone x3  
  44  3:55  Drone  
  48  3:58  Extractor  
  48  4:01  Drone  
  48  4:02  Drone x5  
  53  4:11  Glial Reconstitution  
  53  4:20  Drone x2  
  53  4:21  Drone x2  
  57  4:31  Roach  
  59  4:40  Overlord x3  
  59  4:46  Hatchery  
  58  4:52  Evolution Chamber  
  58  4:56  Evolution Chamber  
  56  5:00  Hydralisk Den  
  56  5:03  Roach x6  
  67  5:10  Drone x2  
  71  5:21  Roach x3  
  71  5:22  Roach x2  
  71  5:24  Zerg Missile Weapons Level 1  
  71  5:25  Zerg Ground Armor Level 1  
  79  5:35  Lurker Den  
  79  6:20  Queen  
  79  6:22  Drone  
  79  6:23  Drone x6  
  79  6:24  Drone x2  
  90  6:26  Overlord x2  
  90  6:27  Overlord x3  
  90  6:47  Drone x3  
  90  6:48  Drone x2  
  90  6:50  Extractor  
  90  6:53  Extractor  
  93  6:56  Hydralisk x6  
  93  6:57  Hydralisk x4  
  113  7:02  Muscular Augments  
  113  7:08  Drone x3  
  116  7:21  Drone x5  
  121  7:26  Zerg Missile Weapons Level 2  
  121  7:39  Hydralisk x3  
  121  7:40  Hydralisk  
  121  7:43  Overlord x5  
  129  7:56  Hatchery, Hydralisk  
  130  8:03  Lurker x2  
  130  8:05  Lurker  
  133  8:06  Hydralisk x2  
  103  8:37  Hydralisk x4  
  103  8:38  Hydralisk x5  
  121  8:53  Zerg Ground Armor Level 2  
  121  9:08  Queen  
  123  9:12  Hydralisk  
  123  9:13  Hydralisk x5  
  100  9:40  Hydralisk  
  100  9:41  Hydralisk x7  
  100  9:42  Hydralisk  
  112  9:55  Extractor, Hydralisk x2  
  112  9:57  Extractor, Hydralisk x4  
  122  10:12  Spire  
  121  10:41  Hydralisk x2  
  125  10:43  Zergling x22  
  125  10:44  Zergling x8  
  111  11:37  Mutalisk x7  
  111  11:38  Mutalisk x10  
  60  12:27  Mutalisk  
  60  12:28  Mutalisk x5  
Show
View Real Time Build Order
Export as new Build Order

LaWeedaLoca Zerg - Winner!

Build Orders: Pool First 

Get SALT Encoding   

  12  0:01  Drone  
  13  0:12  Overlord  
  13  0:17  Drone  
  14  0:38  Drone x3  
  17  0:50  Drone  
  19  1:04  Drone  
  19  1:15  Spawning Pool  
  19  1:16  Hatchery  
  17  1:21  Drone, Extractor  
  17  1:36  Overlord  
  17  1:37  Drone  
  18  1:47  Drone  
  19  2:01  Queen  
  19  2:02  Zergling x2  
  22  2:16  Zergling x4  
  24  2:27  Metabolic Boost  
  24  2:30  Hatchery, Queen  
  24  2:36  Drone  
  27  2:37  Drone  
  27  2:43  Drone  
  29  2:44  Drone  
  29  3:00  Zergling x8  
  33  3:08  Drone  
  33  3:09  Drone  
  35  3:21  Drone  
  35  3:22  Overlord x2  
  36  3:40  Queen  
  38  3:48  Drone  
  38  3:49  Drone x8  
  38  3:50  Drone  
  38  3:52  Drone  
  38  3:55  Drone  
  50  3:59  Drone x2  
  52  4:04  Spore Crawler  
  52  4:07  Spore Crawler  
  50  4:15  Roach Warren  
  49  4:19  Drone  
  49  4:21  Lair  
  50  4:27  Drone x3  
  50  4:28  Drone  
  50  4:29  Extractor  
  54  4:31  Drone, Extractor  
  54  4:33  Drone  
  54  4:35  Drone  
  56  4:38  Drone x2  
  56  4:41  Overlord  
  56  4:44  Extractor  
  56  4:46  Drone x2  
  56  4:49  Overlord  
  58  5:01  Drone  
  58  5:02  Drone x7  
  66  5:11  Drone, Evolution Chamber  
  66  5:12  Drone x3, Evolution Chamber  
  68  5:23  Drone x4  
  68  5:25  Glial Reconstitution  
  72  5:29  Extractor x2  
  70  5:39  Spore Crawler  
  70  5:42  Zerg Missile Weapons Level 1  
  69  5:43  Zerg Ground Armor Level 1  
  69  5:49  Hydralisk Den  
  68  5:54  Roach  
  68  5:55  Overlord, Roach x2  
  68  5:56  Overlord x4  
  74  6:15  Roach x12  
  98  6:23  Overseer  
  98  6:24  Pneumatized Carapace  
  98  6:29  Roach x4  
  106  6:39  Roach  
  108  6:40  Roach x3  
  108  6:42  Overlord  
  108  6:43  Overlord x2  
  114  7:04  Ravager x2  
  114  7:05  Ravager x2  
  117  7:09  Roach  
  117  7:10  Roach x9  
  137  7:23  Overlord x2  
  137  7:39  Overlord x2  
  137  7:42  Hatchery  
  136  7:46  Ravager  
  136  7:47  Ravager x10  
  136  7:50  Zergling x10  
  136  7:51  Zergling x2, Overlord  
  153  7:52  Overlord x3  
  153  7:56  Zerg Missile Weapons Level 2  
  153  8:09  Drone x6  
  150  8:38  Roach x10  
  150  8:39  Roach x2  
  174  8:47  Muscular Augments  
  174  8:51  Drone x3  
  174  8:53  Queen  
  179  8:56  Zerg Ground Armor Level 2  
  179  9:18  Roach x10  
  194  9:37  Roach x2  
  194  9:38  Roach x5  
  194  9:56  Hydralisk x4  
  194  9:57  Hydralisk x2  
  197  10:10  Infestation Pit  
  196  10:16  Extractor  
  196  10:18  Extractor  
  194  10:24  Hydralisk  
  194  10:25  Hydralisk x2  
  200  10:38  Overseer x3  
  198  11:09  Overseer  
  194  11:19  Overlord x2  
  158  12:11  Hydralisk x6  
  158  12:12  Hydralisk x10  
  189  12:29  Hatchery  
  158  13:08  Drone  
  158  13:09  Drone x7  
  158  13:10  Drone  
  167  13:14  Roach x2  
  171  13:26  Hydralisk  
  169  13:27  Hydralisk x2  
  175  13:40  Hydralisk  
  177  13:41  Hydralisk x3  
Show
View Real Time Build Order
Export as new Build Order

illusio Protoss - Winner!

Build Orders: 1 Gate Expand 

Get SALT Encoding   

  12  0:01  Probe (Chrono Boost)  
  13  0:12  Probe (Chrono Boost)  
  14  0:18  Pylon  
  14  0:22  Probe (Chrono Boost)  
  15  0:37  Probe (Chrono Boost)  
  15  0:41  Gateway  
  16  0:47  Assimilator, Probe (Chrono Boost)  
  17  0:58  Probe (Chrono Boost)  
  17  1:03  Pylon  
  18  1:08  Probe (Chrono Boost)  
  19  1:19  Probe (Chrono Boost)  
  20  1:37  Probe (Chrono Boost)  
  21  1:44  Nexus  
  21  1:45  Cybernetics Core  
  21  1:49  Probe (Chrono Boost)  
  22  1:59  Probe (Chrono Boost)  
  23  2:03  Assimilator  
  23  2:05  Zealot (Chrono Boost)  
  25  2:15  Probe (Chrono Boost)  
  26  2:27  Probe  
  27  2:39  Gateway  
  27  2:41  Mothership Core  
  27  2:42  Pylon, Warp Gate (Chrono Boost)  
  29  2:51  Adept  
  31  3:01  Twilight Council  
  31  3:02  Probe  
  31  3:05  Probe  
  33  3:15  Probe, Gateway  
  34  3:26  Probe  
  35  3:36  Probe  
  35  3:38  Forge, Resonating Glaives (Chrono Boost)  
  38  3:41  Adept x2  
  38  3:43  Probe  
  38  3:48  Pylon  
  41  3:58  Probe  
  42  4:05  Sentry  
  42  4:07  Assimilator  
  42  4:08  Probe  
  42  4:09  Assimilator  
  44  4:10  Probe  
  46  4:17  Pylon  
  46  4:21  Protoss Ground Weapons Level 1  
  46  4:22  Probe  
  47  4:27  Probe  
  48  4:34  Probe  
  48  4:38  Probe, Adept  
  49  4:39  Adept  
  54  4:48  Probe, Robotics Facility  
  54  4:50  Pylon  
  55  5:03  Sentry  
  55  5:06  Sentry  
  59  5:10  Adept  
  59  5:12  Probe  
  59  5:13  Probe  
  63  5:23  Probe  
  63  5:24  Forge  
  63  5:25  Probe, Pylon  
  65  5:32  Charge (Chrono Boost)  
  57  5:38  Probe  
  57  5:39  Gateway  
  57  5:42  Probe  
  46  5:50  Probe  
  46  5:53  Probe  
  46  6:02  Probe, Stalker x2  
  46  6:03  Probe  
  51  6:14  Probe x2, Photon Cannon  
  51  6:28  Stalker  
  51  6:32  Immortal  
  57  6:33  Probe  
  57  6:35  Probe  
  59  6:44  Probe  
  58  6:47  Probe  
  58  6:48  Adept x2  
  63  6:54  Probe  
  63  6:57  Pylon  
  63  6:58  Gateway  
  63  6:59  Probe  
  63  7:00  Protoss Ground Weapons Level 2, Gateway  
  65  7:08  Stalker x2  
  67  7:11  Immortal  
  73  7:17  Probe  
  73  7:18  Probe  
  75  7:28  Probe  
  76  7:30  Probe  
  77  7:39  Probe (Chrono Boost)  
  77  7:43  Probe (Chrono Boost)  
  79  7:47  Protoss Ground Armor Level 1  
  79  7:50  Observer  
  80  7:52  Templar Archives  
  80  8:01  Gateway  
  80  8:10  Gateway  
  80  8:16  Probe x2 (Chrono Boost)  
  82  8:24  Warp Prism  
  82  8:26  Probe x2 (Chrono Boost)  
  70  8:37  Probe x2 (Chrono Boost)  
  69  8:45  Nexus  
  69  8:47  Sentry, Probe (Chrono Boost)  
  69  8:48  Sentry x4, Probe (Chrono Boost)  
  79  8:49  Sentry  
  83  9:09  Probe x2 (Chrono Boost)  
  85  9:13  Photon Cannon  
  85  9:20  Probe x2 (Chrono Boost)  
  87  9:33  Pylon  
  87  9:35  Pylon  
  73  9:56  Stalker x2  
  73  9:57  Stalker x3  
  73  9:58  Stalker x2  
  87  10:02  Probe (Chrono Boost)  
  88  10:28  Probe x3 (Chrono Boost)  
  91  10:38  Probe x3 (Chrono Boost)  
  94  10:47  Photon Cannon  
  94  10:49  Probe x3 (Chrono Boost)  
  97  10:51  Photon Cannon  
  97  11:09  Assimilator x2, Probe x2 (Chrono Boost)  
  97  11:10  Probe (Chrono Boost), Psionic Storm  
  93  11:20  Probe x3 (Chrono Boost)  
  93  11:23  Pylon  
  90  11:25  Pylon  
  90  11:30  Probe x3 (Chrono Boost)  
  92  11:35  Blink (Chrono Boost)  
  92  11:39  Probe x2  
  92  11:42  Probe  
  95  11:50  Probe x2  
  95  11:54  Probe  
  98  11:59  Adept  
  98  12:00  Probe, Adept x3  
  107  12:13  Probe x2  
  107  12:14  Probe  
  110  12:23  Probe x2  
  110  12:26  Probe  
  113  12:34  Probe x2  
  115  12:38  Probe  
  98  13:18  Stalker  
  98  13:19  Stalker x3  
  104  13:20  Stalker  
  92  13:33  High Templar  
  92  13:34  High Templar x5  
  98  13:35  High Templar x2  
  88  14:05  Archon x2  
  88  14:06  Archon x2  
  76  14:12  Zealot x4  
  76  14:13  Zealot x4  
  86  14:22  Pylon  
  86  14:23  Pylon x2  
  85  14:25  Pylon x3  
  85  14:29  Pylon  
  85  14:30  Nexus  
  85  14:33  Pylon  
  85  14:35  Pylon  
  85  14:37  Pylon  
  85  14:39  Pylon  
  85  14:46  High Templar  
  85  14:47  High Templar x3  
  85  14:49  Zealot x2  
  85  14:50  Zealot x2  
  101  14:57  Gateway  
Show
View Real Time Build Order
Export as new Build Order

IlBirraioOo Zerg - Winner!

Build Orders: Hatch First 

Get SALT Encoding   

  12  0:01  Drone  
  14  0:15  Overlord  
  14  0:17  Drone  
  14  0:34  Drone  
  15  0:41  Drone  
  16  0:52  Hatchery  
  16  0:57  Drone  
  16  0:59  Drone  
  17  1:13  Spawning Pool  
  17  1:17  Extractor  
  15  1:20  Drone  
  15  1:22  Drone  
  17  1:30  Drone  
  18  1:40  Drone  
  19  1:50  Overlord  
  19  2:00  Queen  
  21  2:01  Drone  
  21  2:05  Drone  
  23  2:13  Drone  
  24  2:16  Drone  
  24  2:17  Metabolic Boost  
  25  2:23  Drone  
  26  2:34  Extractor  
  25  2:40  Spore Crawler  
  24  2:47  Zergling x8  
  24  2:48  Zergling x2  
  29  2:51  Queen  
  29  2:55  Queen  
  33  2:59  Zergling x4  
  33  3:04  Drone  
  36  3:19  Overlord x2  
  36  3:32  Spore Crawler  
  36  3:33  Drone  
  36  3:38  Zergling x6  
  36  3:39  Zergling x2  
  40  3:43  Drone  
  41  3:51  Drone x2  
  41  3:52  Drone  
  44  4:02  Drone  
  45  4:11  Zergling x4  
  45  4:12  Zergling x6  
  50  4:26  Drone x2  
  50  4:27  Overlord  
  52  4:49  Drone  
  52  4:50  Drone x6, Evolution Chamber  
  52  4:52  Evolution Chamber  
  57  4:55  Evolution Chamber  
  56  5:03  Drone x2  
  56  5:07  Hatchery  
  57  5:20  Drone  
  57  5:21  Drone x2  
  60  5:25  Overlord x4  
  60  5:35  Baneling Nest  
  59  5:50  Zergling x6  
  59  5:51  Zergling x4  
  64  5:57  Zergling x2  
  64  5:58  Zergling x4  
  60  6:19  Drone x4  
  60  6:23  Zerg Ground Armor Level 1, Zerg Missile Weapons Level 1, Zerg Melee Weapons Level 1  
  64  6:35  Zergling x2  
  64  6:36  Zergling x10  
  70  6:46  Lair  
  65  6:55  Zergling x10  
  68  7:21  Zergling x6  
  68  7:22  Zergling x10  
  76  7:23  Baneling  
  76  7:24  Baneling x14  
  76  7:25  Baneling x15  
  76  7:26  Baneling x12  
  76  7:29  Drone  
  77  7:34  Drone  
  78  7:42  Zergling x2  
  79  7:44  Zergling x2  
  80  7:57  Zergling x2  
  80  7:58  Zergling x10  
  86  7:59  Hatchery  
  85  8:09  Zergling x2  
  86  8:14  Lair  
  86  8:16  Zergling x2  
  86  8:17  Zergling x6  
  90  8:21  Centrifical Hooks  
  90  8:34  Zergling x4  
  90  8:37  Overlord x3  
  92  8:57  Zergling x14  
  92  8:59  Zerg Melee Weapons Level 2  
  99  9:07  Extractor x2  
  97  9:12  Drone x4  
  97  9:13  Drone x2  
  103  9:29  Baneling  
  103  9:30  Baneling x9  
  103  9:31  Baneling  
  103  9:32  Zergling x2  
  103  9:33  Zergling x12  
  109  9:58  Zergling x2  
  109  9:59  Zergling x16  
  116  10:25  Zergling x2  
  116  10:26  Zergling x8  
  120  10:54  Zergling x2  
  120  10:55  Zergling x2  
  120  10:56  Zergling x2  
  121  10:58  Overlord x5  
  121  10:59  Overlord x4  
  116  11:25  Zergling x2  
  117  11:26  Zergling x10  
  74  11:59  Zergling x2  
  74  12:00  Zergling x16  
  63  12:18  Overlord x3  
  63  12:25  Spore Crawler  
  63  12:28  Queen  
  64  12:34  Zergling x2  
  64  12:35  Zergling x10  
  70  12:43  Baneling x2  
  70  12:44  Baneling x19  
  70  12:45  Baneling  
  70  12:46  Zergling x6  
  70  12:51  Zergling x6  
  76  13:10  Zergling x18  
  83  13:17  Zergling x2  
  84  13:20  Baneling  
  84  13:21  Baneling x16  
  84  13:22  Baneling x5  
  84  13:24  Zergling x2  
  84  13:25  Zergling x6  
  88  13:27  Zergling x4  
  88  13:31  Baneling x2  
  74  14:15  Zergling x20  
  74  14:16  Zergling x10  
  84  14:23  Zergling x8  
  87  14:37  Zergling x2  
  87  14:38  Zergling x12  
Show
View Real Time Build Order
Export as new Build Order

Jhyrachy Zerg - Winner!

Build Orders: Hatch First 

Get SALT Encoding   

  12  0:02  Drone  
  13  0:13  Overlord  
  13  0:20  Drone  
  14  0:32  Drone x2  
  16  0:39  Drone  
  17  0:47  Drone  
  18  1:02  Drone  
  18  1:03  Hatchery  
  18  1:05  Extractor  
  17  1:17  Spawning Pool  
  16  1:19  Drone  
  16  1:23  Drone  
  18  1:31  Drone  
  19  1:41  Drone  
  20  1:50  Overlord  
  20  2:07  Zergling x2  
  21  2:22  Queen  
  21  2:24  Metabolic Boost  
  21  2:27  Queen  
  21  2:29  Drone x3  
  29  2:30  Drone  
  29  2:58  Queen  
  29  3:03  Queen  
  33  3:25  Zergling x6  
  33  3:26  Overlord x2  
  36  3:37  Spore Crawler  
  35  3:51  Spore Crawler  
  34  4:19  Drone x10  
  34  4:20  Drone  
  45  4:27  Evolution Chamber  
  45  4:30  Evolution Chamber  
  43  4:45  Extractor  
  42  5:00  Lair  
  42  5:02  Zerg Ground Armor Level 1, Zerg Melee Weapons Level 1  
  42  5:39  Queen  
  44  5:50  Spore Crawler  
  43  5:58  Spore Crawler  
  42  6:41  Zergling x2  
  42  6:42  Zergling x18  
  42  6:44  Overlord x4  
  42  6:45  Overlord  
  52  6:51  Hatchery  
  51  7:01  Zerg Ground Armor Level 2, Zerg Melee Weapons Level 2  
  51  7:54  Zergling x2  
  51  7:55  Zergling x26  
  63  9:06  Queen  
  65  9:31  Overlord x5  
  65  9:32  Overlord x3  
  65  9:34  Zergling x2  
  65  9:35  Zergling x30  
  81  10:03  Hatchery  
  80  10:34  Infestation Pit  
  72  11:20  Zergling x2  
  72  11:21  Zergling x30  
  72  11:22  Zergling x10  
  82  11:29  Hive  
  58  12:01  Queen  
  59  12:38  Hatchery, Queen  
  57  12:57  Adrenal Glands  
  57  13:05  Zergling x2  
  58  13:06  Zergling x48  
  58  13:07  Zergling x4  
  78  13:54  Zergling x2  
  78  13:55  Zergling x36  
Tags
 
Add a new tag
Caveats
  • Supply blocks, unpowered buildings, or Contaminate may cause inaccurate times.
  • Supply counts are checked every 10 seconds.